 Dungeon Crawl Stone Soup version 0.30-a0-469-g84de5afbc5 (webtiles) character file.

Game seed: 12156174399555325248

176 greasedhog the Sneak (level 5, -4/37 HPs)
             Began as an Octopode Fighter on Dec 19, 2022.
             Slain by a phantom (6 damage)
             ... on level 4 of the Dungeon.
             The game lasted 00:02:48 (2352 turns).

greasedhog the Sneak (Octopode Fighter)             Turns: 2352, Time: 00:02:49

Health: -4/37      AC:  1    Str: 15    XL:     5   Next: 56%
Magic:  5/5        EV: 13    Int: 10    God:
Gold:   173        SH:  5    Dex: 14    Spells: 4/4 levels left

rFire   . . .      SeeInvis .    a - +0 rapier
rCold   . . .      Faith    .    b - +0 buckler
rNeg    . . .      Spirit   .    (helmet restricted)
rPois   .          Reflect  .    (no amulet)
rElec   .          Harm     .    p - +4 ring of slaying
rCorr   .          Rampage  .    (no ring)
Will    .....                    (no ring)
Stlth   ++++......               (no ring)
HPRegen 0.26/turn                (no ring)
MPRegen 0.09/turn                (no ring)
                                 (no ring)
                                 (no ring)

@: no status effects
A: almost no armour, amphibious, 8 rings, camouflage 1, gelatinous body 1,
(nimble swimmer 1), tentacles
a: no special abilities


You were on level 4 of the Dungeon.
You visited 1 branch of the dungeon, and saw 4 of its levels.

You collected 173 gold pieces.

Inventory:

Hand Weapons
 a - a +0 rapier (weapon)
Armour
 b - a +0 buckler (worn)
Jewellery
 p - a +4 ring of slaying (left tentacle)
Wands
 o - a wand of paralysis (12)
Scrolls
 g - a scroll of vulnerability {unknown}
 h - a scroll of immolation {unknown}
 i - a scroll of silence {unknown}
 k - a scroll of noise {unknown}
 l - a scroll of amnesia
 m - a scroll of fear
 n - 2 scrolls of teleportation {unknown}
Potions
 c - 2 potions of might
 d - a potion of resistance {unknown}
 e - a potion of flight {unknown}
 f - a potion of berserk rage {unknown}
 j - a potion of mutation {unknown}


   Skills:
 + Level 3.7 Fighting
 * Level 3.8 Short Blades
 - Level 3.0 Dodging
 * Level 4.5 Stealth
 - Level 3.0 Shields


You had 4 spell levels left.
You didn't know any spells.
Your spell library was empty.

Dungeon Overview and Level Annotations

Branches:
Dungeon (4/15)
 Temple: D:4-7

Altars:
Ru
Zin


Innate Abilities, Weirdness & Mutations

You cannot wear most types of armour.
You are amphibious.
You can wear up to eight rings at the same time.
Your skin changes colour to match your surroundings (Stealth+).
Your rubbery body absorbs attacks. (AC +1, EV +1)
((You are camouflaged when in or above water. (Stealth+)))
You have tentacles for arms and can constrict up to eight enemies at once.


Message History

The phantom is moderately damaged.
You block the phantom's attack.
You closely miss the phantom.
The phantom is moderately damaged.
The phantom barely misses you.
You barely miss the phantom.
The phantom is moderately damaged.
The phantom hits you.
You hit the phantom. You squeeze the phantom.
The phantom is heavily damaged.
The phantom hits you.
The phantom blinks!
You blink.
You block the phantom's attack.
You closely miss the phantom.
The phantom is heavily damaged.
The phantom hits you but does no damage.
You miss the phantom.
The phantom is heavily damaged.
The phantom hits you.
The phantom blinks!
You blink.
You hit the phantom.
The phantom is heavily damaged.
The phantom hits you.
* * * LOW HITPOINT WARNING * * *
The phantom blinks!
You blink.
You closely miss the phantom.
The phantom is heavily damaged.
The phantom hits you.
* * * LOW HITPOINT WARNING * * *
The phantom blinks!
You blink.
You puncture the phantom!
The phantom is almost destroyed.
You block the phantom's attack.
You closely miss the phantom.
The phantom is almost destroyed.
The phantom hits you!
* * * LOW HITPOINT WARNING * * *
The phantom blinks!
You blink.
You barely miss the phantom.
The phantom is almost destroyed.
The phantom hits you.
You die...

..# #...#..
#...#.#########
#...#.#........
#...#.#.......#
#...#.#§.####.#
#....§...#
.#####W.#.#.##
.......@#.#.#
#####...#.#.#######
#..))).........
###...#.######
#####.# ## ###.#
#§..#.#.# §§K)#...#
#...#.#.#


You could see a phantom.

Vanquished Creatures
  An orc priest (D:4)
  A hound (D:4)
  An orc wizard (D:4)
  3 adders (D:2)
  A worm (D:2)
  A dart slug (D:4)
  9 orcs
  A ball python (D:1)
  2 endoplasms
  A giant cockroach (D:3)
  3 goblins
  3 hobgoblins
  2 jackals (D:1)
  4 quokkas
  7 bats
  4 frilled lizards
  2 kobolds
  4 rats
50 creatures vanquished.

Notes
Turn   | Place    | Note
-------+----------+-------------------------------------------
     0 | D:1      | greasedhog the Octopode Fighter began the quest for the
                  | Orb.
     0 | D:1      | Reached XP level 1. HP: 16/16 MP: 1/1
    73 | D:1      | Reached skill level 1 in Stealth
   112 | D:1      | Reached XP level 2. HP: 18/21 MP: 2/2
   700 | D:2      | Reached skill level 2 in Stealth
   700 | D:2      | Reached XP level 3. HP: 24/26 MP: 3/3
   876 | D:2      | Identified the +11 hand axe of the Chain {vorpal, rPois rF+
                  | Int+2}
  1469 | D:2      | Reached skill level 3 in Stealth
  1511 | D:3      | Reached XP level 4. HP: 29/31 MP: 4/4
  1587 | D:3      | Found a sacrificial altar of Ru.
  1778 | D:3      | Identified the +2 robe of the Furies {Int+8 SInv}
  1818 | D:3      | Found a faded altar of an unknown god.
  1989 | D:3      | Found a glowing silver altar of Zin.
  2295 | D:4      | Reached skill level 4 in Stealth
  2295 | D:4      | Reached XP level 5. HP: 36/36 MP: 5/5
  2334 | D:4      | Noticed a phantom
  2352 | D:4      | Slain by a phantom

Illustrated notes

Levels and vault maps discovered:
D:1:      heliophobic_arrival_ceremonial_halls, layout_rooms
D:2:      layout_loops_corners, patterned_corridor
D:3:      layout_loops_ring, mainiacjoe_overflow_tiny_flanked,
          lemuel_coloured_pillars_altar, shapermc_ecumenical_altar_totnotflames,
          dreamdust_mushroom_princess, nicolae_concentric_dashed_squares_mild
D:4:      due_chaos_kobolds, layout_basic, mainiacjoe_overflow_paths,
          mainiacjoe_overflow_six_doors_small, minmay_temple_entry_grid,
          kennysheep_doodads

Skill      XL: |  1  2  3  4 |
---------------+-------------+-----
Stealth        | 1 2 3 4 |  4.5
Short Blades   | 3 |  3.8
Fighting       | |  3.7
Dodging        | |  3.0
Shields        | |  3.0

Action                   |  1- 3 |  4- 6 || total
-------------------------+-------+-------++-------
Melee: Rapier            |    48 |    57 ||   105
       Constrict         |    10 |    11 ||    21
       Tentacles         |     8 |    12 ||    20
       Punch             |     1 |     1 ||     2
  Use: Scroll            |     2 |     1 ||     3
 Stab: Sleeping          |     9 |     4 ||    13
Armor: Skin              |    11 |     4 ||    15
Dodge: Dodged            |    25 |    19 ||    44
Block: Buckler           |     5 |    11 ||    16

Table legend: (Time is in decaauts)
 A = Elapsed time spent in this place.
 B = Non-inter-level travel time spent in this place.
 C = Inter-level travel time spent in this place.
 D = Time resting spent in this place.
 E = Time spent auto-exploring this place.
 F = Levels seen in this place.
 G = Mean time per level.
                   A        B        C        D        E       F      G
               +--------+--------+--------+--------+--------+-----+--------+
         Total |   2360 |   2281 |     79 |      2 |   1945 |   4 |  590.0 |
       Dungeon |   2360 |   2281 |     79 |      2 |   1945 |   4 |  590.0 |
               +--------+--------+--------+--------+--------+-----+--------+

Top non-repeatable levels by time:
     D:2: 911 daAuts
     D:3: 689 daAuts
     D:1: 591 daAuts
     D:4: 168 daAuts
